 Dungeon Crawl Stone Soup version 0.23-a0-143-g1adec7b (webtiles) character file.

153 TheOrbIsALie the Conjurer (level 5, 35/35 HPs)
             Began as a Demonspawn Wizard on Sept 3, 2018.
             Quit the game on level 4 of the Dungeon.
             The game lasted 00:03:15 (1604 turns).

TheOrbIsALie the Conjurer (Demonspawn Wizard)       Turns: 1604, Time: 00:03:15

Health: 35/35      AC:  6    Str:  7    XL:     5   Next: 12%
Magic:  3/9        EV: 12    Int: 21    God:
Gold:   68         SH:  0    Dex: 11    Spells: 9/10 levels left

rFire    . . .     SeeInvis .   k - +0 dagger
rCold    . . .     Gourm    .   (no shield)
rNeg     . . .     Faith    .   a - +0 robe
rPois    .         Spirit   .   b - +0 hat
rElec    .         Reflect  .   f - +0 cloak
rCorr    .         Harm     .   (no gloves)
MR       .....                  (no boots)
Stlth    ++........             (no amulet)
HPRegen  0.11/turn              (no ring)
MPRegen  0.11/turn              (no ring)

@: no status effects
A: slimy green scales 2, demonic guardian 1, rot immunity
a: no special abilities


You were on level 4 of the Dungeon.
You were not hungry.

You visited 1 branch of the dungeon, and saw 3 of its levels.

You collected 68 gold pieces.

Inventory:

Hand Weapons
 k - a +0 dagger (weapon)
Armour
 a - a +0 robe (worn)
 b - a +0 hat (worn)
 f - a +0 cloak (worn)
 g - a +0 ring mail of fire resistance
Scrolls
 c - 4 scrolls of identify {unknown}
 i - a scroll of magic mapping {unknown}
 l - a scroll of enchant armour {unknown}
 m - a scroll of random uselessness {unknown}
 p - a scroll of remove curse {unknown}
 q - a scroll of fear {unknown}
 r - a scroll of fog {unknown}
 t - a scroll of teleportation {unknown}
Potions
 e - a potion of degeneration {unknown}
 h - a potion of agility {unknown}
 j - a potion of brilliance {unknown}
 o - 2 potions of ambrosia {unknown}
 s - a potion of berserk rage {unknown}
Comestibles
 d - 2 rations
 n - 2 chunks of flesh


   Skills:
 - Level 1.7 Dodging
 - Level 1.7 Stealth
 - Level 3.0 Spellcasting
 + Level 5.0 Conjurations
   Level 1.0 Summonings
   Level 0.8 Translocations


You had 9 spell levels left.
You knew the following spells:

 Your Spells              Type           Power        Failure   Level  Hunger
a - Magic Dart            Conj           ###.         1%          1    None

Your spell library contained the following spells:

 Spells                   Type           Power        Failure   Level  Hunger
 Call Imp                 Summ           #.......     13%         2    ##.....
 Blink                    Tloc           N/A          14%         2    ##.....
 Conjure Flame            Conj/Fire      ##......     14%         3    ###....
 Slow                     Hex            #.......     21%         2    ##.....
 Mephitic Cloud           Conj/Pois/Air  ##......     21%         3    ###....


Dungeon Overview and Level Annotations

Branches:
Dungeon (2/15)

Altars:


Innate Abilities, Weirdness & Mutations

You are mostly covered in slimy green scales. (AC +3)
A weak demonic guardian rushes to your aid.
You are immune to rotting.


Message History

The magic dart hits the ogre.
The ogre is severely wounded.
Your ufetubus hits the ogre but does no damage.
Your ufetubus barely misses the ogre.
Casting: Magic Dart (safe; 2% risk of failure)
Confirm with . or Enter, or press ? or * to list all spells.
Aiming: Magic Dart (safe; 2% risk of failure)
Press: ? - help, Shift-Dir - straight line, f/p - ogre
Aim: an ogre, wielding a giant spiked club (severely wounded)
Your demonic guardian avoids your attack.
The magic dart hits the ogre.
The ogre is almost dead.
The ogre completely misses your ufetubus.
Your ufetubus hits the ogre. x2
The ogre dies!
Your Conjurations skill increases to level 5!
You have reached level 5!
Your demonic ancestry asserts itself...
You feel immune to rotting.
Are you sure you want to abandon this character and quit the game? (Confirm

.# .# .# .
.# ..##
.### .....
...
......##.#
..)5...@.#
..[...#..#
..#.. ...#
... ##..#
##. #..# #
..## ###


You could see a friendly ufetubus.

Vanquished Creatures
  A gnoll (D:1)
  An adder (D:2)
  An ooze (D:1)
  2 dart slugs (D:1)
  A ball python (D:1)
  2 giant cockroaches
  9 goblins
  5 hobgoblins
  12 jackals (D:1)
  A kobold (D:2)
  2 frilled lizards
  6 rats
43 creatures vanquished.

Vanquished Creatures (collateral kills)
  An ogre (D:4)
1 creature vanquished.

Grand Total: 44 creatures vanquished

Notes
Turn   | Place    | Note
-------+----------+-------------------------------------------
     0 | D:1      | TheOrbIsALie the Demonspawn Wizard began the quest for the
                  | Orb.
     0 | D:1      | Reached XP level 1. HP: 13/13 MP: 4/4
   209 | D:1      | Reached skill level 2 in Conjurations
   342 | D:1      | Gained mutation: You are partially covered in slimy green
                  | scales. (AC +2) [demonic ancestry]
   342 | D:1      | Reached XP level 2. HP: 12/19 MP: 3/6
   540 | D:1      | Reached skill level 3 in Conjurations
   540 | D:1      | Gained mutation: You are mostly covered in slimy green
                  | scales. (AC +3) [demonic ancestry]
   540 | D:1      | Reached XP level 3. HP: 4/24 MP: 0/7
  1516 | D:2      | Reached skill level 4 in Conjurations
  1516 | D:2      | Gained mutation: A weak demonic guardian rushes to your
                  | aid. [demonic ancestry]
  1516 | D:2      | Reached XP level 4. HP: 28/30 MP: 0/8
  1599 | D:2      | You fall through a shaft for 2 floors!
  1599 | D:4      | Noticed an ogre
  1603 | D:4      | Killed an ogre
  1603 | D:4      | Reached skill level 5 in Conjurations
  1603 | D:4      | Gained mutation: You are immune to rotting. [demonic
                  | ancestry]
  1603 | D:4      | Reached XP level 5. HP: 35/35 MP: 3/9
  1604 | D:4      | Quit the game

Vault maps used:
D:1:      wheals_arrival_shading
D:2:      nicolae_tso_swordbearing_angel
D:4:      first_ration, st_stairs_14

Skill      XL: |  1  2  3  4 |
---------------+-------------+-----
Conjurations   | 2 3 4 5 |  5.0
Dodging        | |  1.7
Stealth        | |  1.7
Spellcasting   | |  3.0
Summonings     | |  1.0
Translocations | |  0.8

Action                   |  1- 3 |  4- 6 || total
-------------------------+-------+-------++-------
Melee: Unarmed           |    21 |       ||    21
       Dagger            |    58 |     1 ||    59
 Cast: Magic Dart        |    85 |     7 ||    92
 Stab: Sleeping          |     1 |       ||     1
  Eat: Chunk             |     2 |       ||     2
Armor: Robe              |    45 |     1 ||    46
Dodge: Dodged            |    67 |       ||    67

Table legend:
 A = Non-vault XP
 B = Vault XP
 C = Vault XP percentage of total XP
 D = Non-vault monster count
 E = Vault monster count
 F = Vault count percentage of total count
                 A         B        C        D         E       F
            +---------+---------+-------+---------+---------+-------
      Total |     219 |       0 |   0.0 |      44 |       0 |   0.0
            +---------+---------+-------+---------+---------+-------
        D:1 |      85 |       0 |   0.0 |      35 |       0 |   0.0
        D:2 |      24 |       0 |   0.0 |       8 |       0 |   0.0
        D:4 |     110 |       0 |   0.0 |       1 |       0 |   0.0
            +---------+---------+-------+---------+---------+-------
